 Dungeon Sprint DCSS version 0.23.2-30-g0e89c35 (webtiles) character file.

Game seed: 3600179599798187007

46828 Fang the Warrior (level 14, -2/114 HPs)
             Began as a Gargoyle Berserker on June 12, 2019.
             Was the Champion of Trog.
             Slain by an acid blob (22 damage)
             ... in the Dungeon (Sprint V: "Ziggurat Sprint").
             The game lasted 00:06:25 (1984 turns).

Fang the Warrior (Gargoyle Berserker)               Turns: 1984, Time: 00:06:25

Health: -2/114     AC: 32    Str: 33    XL:     14   Next: 39%
Magic:  9/9        EV: 17    Int: 13    God:    Trog [******]
Gold:   0          SH:  0    Dex:  9    Spells: 13/13 levels left

rFire    + . .     SeeInvis +   C - +8 executioner's axe of Vicrousa {chop, Int+6 SInv Stlth-}
rCold    + + .     Gourm    .   (shield currently unavailable)
rNeg     + . .     Faith    .   j - +5 gold dragon scales
rPois    ∞         Spirit   .   (no helmet)
rElec    +         Reflect  .   P - +1 cloak of Starlight {rElec rC+ EV+4 Stlth--}
rCorr    .         Harm     .   (no gloves)
MR       +....     Rnd*Rage +   F - +2 pair of boots {run} Stlth ..........NoTele +
                                (no amulet)
HPRegen  0.29/turn              D - +6 ring of strength
MPRegen  0.11/turn              g - ring "Huene" {rElec rPois Slay+2}

@: confused, corroded, flying, studying 2 skills, quick
A: big wings, berserk 1, blurry vision 1, low mp 3, negative energy resistance
1, robust 1, screaming 1, electricity resistance, unbreathing, petrification
resistance, rot immunity, AC +10
a: Stop Flying, Berserk, Trog's Hand, Brothers in Arms, Renounce Religion


You were in the Dungeon.
You worshipped Trog.
Trog was exalted by your worship.
You were not hungry.

You visited 1 branch

Inventory:

Hand Weapons
 k - a +5 executioner's axe
 v - the +9 battleaxe "Venejim" {holy, MR+ Dex+4}
   (Trog gifted it to you in the Dungeon)

   It has been blessed by the Shining One to cause great damage to the undead
   and demons.
   It affects your dexterity (+4).
   It affects your resistance to hostile enchantments.
 B - a +3 war axe of freezing
 C - the +8 executioner's axe of Vicrousa (weapon) {chop, Int+6 SInv Stlth-}
   (You found it in the Dungeon)

   It inflicts extra damage upon your enemies.
   It affects your intelligence (+6).
   It lets you see invisible.
   It makes you less stealthy.
 H - the +5 battleaxe of Husageno {freeze, rC+ MR- Int+4 Dex+6}
   (Trog gifted it to you in the Dungeon)

   It has been specially enchanted to freeze those struck by it, causing extra
   injury to most foes and up to half again as much damage against particularly
   susceptible opponents.
   It can also slow down cold-blooded creatures.
   It affects your intelligence (+4).
   It affects your dexterity (+6).
   It protects you from cold.
   It affects your resistance to hostile enchantments.
 K - a +8 antimagic executioner's axe
Armour
 a - the +8 plate armour "Ovuit" {Str+2 Int+3 Stlth+}
   (You found it in the Dungeon)

   It affects your strength (+2).
   It affects your intelligence (+3).
   It makes you more stealthy.
 j - +5 gold dragon scales (worn)
 F - a +2 pair of boots of running (worn)
 O - the +7 crystal plate armour of the Eight Tables {rN+ Regen+}
   (You found it in the Dungeon)

   It protects you from negative energy.
   It increases your rate of regeneration.
 P - the +1 cloak of Starlight (worn) {rElec rC+ EV+4 Stlth--}
   (You found it in the Dungeon)

   It affects your evasion (+4).
   It protects you from cold.
   It insulates you from electricity.
   It makes you much less stealthy.
 Q - the +0 pair of gloves of Relativism {Dex+4 Slay-5 SInv}
   (You found it in the Dungeon)

   It affects your dexterity (+4).
   It affects your accuracy and damage with ranged weapons and melee attacks
   (-5).
   It lets you see invisible.
Jewellery
 b - a +2 ring of dexterity
 g - the ring "Huene" (right hand) {rElec rPois Slay+2}
   (You found it in the Dungeon)

   [ring of poison resistance]

   It affects your accuracy and damage with ranged weapons and melee attacks
   (+2).
   It insulates you from electricity.
   It protects you from poison.
 q - the amulet of the Air {Inacc +Fly rElec EV+5 RMsl}
   (You found it in the Dungeon)

   [amulet of inaccuracy]

   It reduces the accuracy of all your attacks.
   It affects your evasion (+5).
   It insulates you from electricity.
   It lets you fly.
   It protects you from missiles.
 t - the amulet "Zayjyq" {Harm *Drain rF+}
   (You found it in the Dungeon)

   [amulet of harm]

   It increases damage dealt and taken.
   It protects you from fire.
   It causes draining when unequipped.
 z - the cursed ring of Polytheism {rC+ Str+5 Int-3 Slay-2}
   (You found it in the Dungeon)

   [ring of intelligence]

   It affects your strength (+5).
   It affects your intelligence (-3).
   It affects your accuracy and damage with ranged weapons and melee attacks
   (-2).
   It protects you from cold.
   It has a curse placed upon it.
 D - a +6 ring of strength (left hand)
 E - a +6 ring of strength
 G - an uncursed ring of positive energy
 I - the brooch of Shielding {Reflect SH+8}
   (You found it in the Dungeon)

   [amulet of reflection]

   It shields you and reflects attacks.
   It affects your SH (+8).
 J - the ring of Silosout {rN+ MR+ Str+2}
   (You found it in the Dungeon)

   [ring of positive energy]

   It affects your strength (+2).
   It protects you from negative energy.
   It affects your resistance to hostile enchantments.
 L - the ring of Tibyann {rElec MR+ Str+5 Dex+2}
   (You took it off a deep elf master archer in the Dungeon)

   [ring of strength]

   It affects your strength (+5).
   It affects your dexterity (+2).
   It insulates you from electricity.
   It affects your resistance to hostile enchantments.
 M - an uncursed ring of stealth
 N - the ring "Haafref" {Fire *Slow Str+8 Int+3}
   (You found it in the Dungeon)

   [ring of fire]

   It enhances your fire magic.
   It affects your strength (+8).
   It affects your intelligence (+3).
   It protects you from fire.
   It makes you vulnerable to cold.
   It may slow you when you take damage.
Wands
 w - a wand of disintegration (7)
 x - a wand of iceblast (7)
 y - a wand of acid (7)
Scrolls
 i - 4 scrolls of blinking
 l - 7 scrolls of fog
 m - a scroll of holy word
 n - 5 scrolls of identify
 o - 5 scrolls of remove curse
 p - 2 scrolls of fear
Potions
 d - 10 potions of curing
 e - 7 potions of heal wounds
 f - 6 potions of haste
 h - 3 potions of berserk rage
 r - 2 potions of invisibility
 s - 4 potions of resistance
Books
 u - a manual of Maces & Flails
 A - a manual of Short Blades
Comestibles
 c - 6 rations


   Skills:
 + Level 18.6 Fighting
 + Level 16.1 Axes
 + Level 18.3 Armour
 + Level 14.7 Dodging


You had 13 spell levels left.
You didn't know any spells.
Your spell library was empty.

Dungeon Overview and Level Annotations

Branches:
Dungeon (1/1)

Altars:
Ashenzari
Cheibriados
Dithmenos
Elyvilon
Fedhas
Gozag
Hepliaklqana
Kikubaaqudgha
Makhleb
Nemelex Xobeh
Okawaru
Qazlal
Ru
Sif Muna
Trog
Uskayaw
Vehumet
Wu Jian
Xom
Yredelemnul
Zin
The Shining One
Beogh
Jiyva
Lugonu


Innate Abilities, Weirdness & Mutations

You are resistant to torment.
Your stone body is resilient. (AC +10)
You are immune to poison.
Your large and strong wings let you fly indefinitely.
You resist negative energy. (rN+)
You are resistant to electric shocks. (rElec)
You can survive without breathing.
You are immune to petrification.
You are immune to rotting.
You tend to lose your temper in combat.
Scrolls take you a little longer to read.
Your magical capacity is extremely low. (-30% MP)
You are robust. (+10% HP)
You occasionally shout uncontrollably at your foes.


Message History

You are splashed with acid!
* * * LOW HITPOINT WARNING * * *
You feel much better. The acid blob hits you!!
* * * LOW HITPOINT WARNING * * *
You are splashed with acid!
* * * LOW HITPOINT WARNING * * *
The azure jelly hits you.
* * * LOW HITPOINT WARNING * * *
The azure jelly freezes you! You resist.
* * * LOW HITPOINT WARNING * * *
The azure jelly hits you but does no damage. x3
The death ooze hits you but does no damage. x2
The acid blob hits you but does no damage.
The ooze completely misses you.
You feel much better. The acid blob misses you.
The azure jelly completely misses you. x2; The azure jelly closely misses you.
The azure jelly misses you.
The death ooze hits you but does no damage.
The death ooze barely misses you. The acid blob hits you!!
You die...

▓.............▓.........
▓.............▓.........
▓......G......▓.........
▓.......§.....▓..▓.....▓
▓.............▓.▓.▓.).▓.
▓......J......▓..▓.....▓
▓....GGJJ.....▓.....©...
▓....JJJJJ....▓▓▓▓▓▓▓▓▓▓
▓.....J@JJ....▓....8©8..
▓▓▓▓▓▓▓▓▓▓▓▓▓▓▓..:))}|).
▓...[)[)}: ▓.........
▓......... ▓.........
▓......... ▓.....)...
▓..▓.....▓


You could see 3 acid blobs, 2 azure jellies, a slime creature, 2 shining eyes, a
death ooze, 2 jellies, 2 oozes and a golden eye.

Vanquished Creatures
  A deep elf blademaster (D)
  An acid blob (D)
  2 deep elf master archers (D)
  2 deep elf sorcerers (D)
  An entropy weaver (D)
  A deep elf annihilator (D)
  A death ooze (D)
  A yaktaur captain (D)
  A great orb of eyes (D)
  A dancing weapon (D)
  A satyr (shapeshifter) (D)
  A hell hog (D)
  2 soul eaters (D)
  A deep elf knight (D)
  A deep elf archer (D)
  A wizard (D)
  A harpy (shapeshifter) (D)
  2 deep elf magi (D)
  A shining eye (D)
  A wolf spider (D)
  2 eyes of devastation (D)
  2 spiny frogs (D)
  A yaktaur (D)
  A demonic crawler (D)
  2 rime drakes (D)
  A jumping spider (shapeshifter) (D)
  A meliai (shapeshifter) (D)
  2 jumping spiders (D)
  A troll (shapeshifter) (D)
  3 hornets (D)
  6 slime creatures (D)
  2 hippogriffs (D)
  3 redbacks (D)
  A tarantella (D)
  A water elemental (D)
  A steam dragon (D)
  3 fire elementals (D)
  3 neqoxecs (D)
  3 hell hounds (D)
  2 porcupines (D)
  A swamp drake (D)
  An eye of draining (D)
  A phantom (D)
  2 black bears (D)
  A necrophage (D)
  4 wolves (D)
  2 bullfrogs (D)
  4 wights (D)
  3 jellies (D)
  An orc priest (D)
  An orc wizard (D)
  3 iguanas (D)
  A river rat (D)
  A white imp (D)
  A spectral adder (D)
  2 adder zombies (D)
  An adder skeleton (D)
  4 orcs (D)
  3 spectral bats (D)
  2 bat skeletons (D)
  2 bat zombies (D)
  A ball python zombie (D)
  2 jackal skeletons (D)
  A leopard gecko skeleton (D)
  A quokka zombie (D)
  2 spectral quokkas (D)
  A fire vortex (D)
114 creatures vanquished.

Vanquished Creatures (others)
  16 acid blobs (D)
  Polyphemus (D)
  Kirke (D)
  27 azure jellies (D)
  Louise (D)
  Snorg (D)
  33 death oozes (D)
  Sonja (D)
  Maurice (D)
  Grinder (D)
  Edmund (D)
  Dowan (D)
  Ijyb (D)
  A fire vortex (D)
87 creatures vanquished.

Grand Total: 201 creatures vanquished

Notes
Turn   | Place    | Note
-------+----------+-------------------------------------------
     0 | D        | Found the +6 Majin-Bo {vamp, Archmagi MP+6 Int+6}
     0 | D        | Found the +7 great mace "Firestarter" {inner flame, rF++}
     0 | D        | Fang the Gargoyle Berserker began the quest for the Orb.
     0 | D        | Reached XP level 1. HP: 14/14 MP: 1/1
     2 | D        | Killed Dowan
     4 | D        | Killed Maurice
     5 | D        | Found a blossoming altar of Fedhas.
     6 | D        | Found a viscous altar of Jiyva.
     6 | D        | Found a hazy altar of Hepliaklqana.
     6 | D        | Found a transporter.
     6 | D        | Found an opulent altar of Gozag.
     6 | D        | Found an ancient bone altar of Kikubaaqudgha.
     6 | D        | Found a corrupted altar of Lugonu.
    10 | D        | Found a burning altar of Makhleb.
    11 | D        | Found a sacrificial altar of Ru.
    11 | D        | Found a stormy altar of Qazlal.
    11 | D        | Found a deep blue altar of Sif Muna.
    11 | D        | Found an iron altar of Okawaru.
    11 | D        | Found a bloodstained altar of Trog.
    11 | D        | Found a sparkling altar of Nemelex Xobeh.
    17 | D        | Killed Sonja
    40 | D        | Killed a death ooze
    53 | D        | Entered arena 2.
    53 | D        | Noticed an orc priest
    53 | D        | Found a transporter.
    56 | D        | Killed an azure jelly
    57 | D        | Killed an orc priest
    57 | D        | Reached XP level 2. HP: 20/20 MP: 2/2
    57 | D        | Reached XP level 3. HP: 24/24 MP: 3/3
    83 | D        | Killed a death ooze
    88 | D        | Killed a death ooze
   138 | D        | Killed Kirke
   185 | D        | Killed an azure jelly
   204 | D        | Entered arena 3.
   204 | D        | Noticed a wolf
   204 | D        | Noticed a black bear
   204 | D        | Noticed a black bear
   204 | D        | Found a transporter.
   207 | D        | Killed a black bear
   207 | D        | Reached ** piety under Trog
   207 | D        | Reached skill level 5 in Axes
   207 | D        | Reached skill level 5 in Armour
   207 | D        | Reached XP level 4. HP: 32/32 MP: 4/4
   207 | D        | Reached XP level 5. HP: 36/36 MP: 5/5
   207 | D        | Killed Edmund
   209 | D        | Killed a wolf
   209 | D        | Killed a black bear
   209 | D        | Reached skill level 5 in Dodging
   209 | D        | Reached XP level 6. HP: 44/44 MP: 6/6
   223 | D        | Entered arena 4.
   223 | D        | Found a transporter.
   227 | D        | Reached *** piety under Trog
   227 | D        | Killed Grinder
   229 | D        | Killed an acid blob
   232 | D        | Got the ring "Huene" {rElec rPois Slay+2}
   254 | D        | Entered arena 5.
   254 | D        | Noticed a rime drake
   254 | D        | Noticed a rime drake
   254 | D        | Noticed a swamp drake
   254 | D        | Noticed a steam dragon
   254 | D        | Found a transporter.
   255 | D        | Found the amulet of the Air {Inacc +Fly rElec EV+5 RMsl}
   257 | D        | Killed a steam dragon
   257 | D        | Reached XP level 7. HP: 50/50 MP: 7/7
   260 | D        | Killed a rime drake
   260 | D        | Reached **** piety under Trog
   260 | D        | Killed a rime drake
   260 | D        | Reached skill level 10 in Fighting
   260 | D        | Reached XP level 8. HP: 57/57 MP: 8/8
   288 | D        | Killed Ijyb
   297 | D        | Killed a death ooze
   302 | D        | Killed an azure jelly
   325 | D        | Entered arena 6.
   325 | D        | Found a transporter.
   330 | D        | Reached ***** piety under Trog
   336 | D        | Reached skill level 10 in Armour
   380 | D        | Killed an azure jelly
   418 | D        | Killed Louise
   432 | D        | Killed Snorg
   452 | D        | Killed an acid blob
   465 | D        | Entered arena 7.
   466 | D        | Found a transporter.
   469 | D        | Received a gift from Trog
   472 | D        | Killed a death ooze
   476 | D        | Got a brightly glowing battleaxe {god gift}
   477 | D        | Identified the +9 battleaxe "Venejim" {holy, MR+ Dex+4}
                  | (Trog gifted it to you in the Dungeon)
   490 | D        | Got the cursed ring of Polytheism {rC+ Str+5 Int-3 Slay-2}
   493 | D        | Entered arena 8.
   493 | D        | Noticed a yaktaur captain
   493 | D        | Noticed a slime creature
   493 | D        | Noticed a yaktaur
   493 | D        | Noticed a wizard
   493 | D        | Noticed a deep elf mage
   493 | D        | Noticed a harpy
   494 | D        | Found a transporter.
   497 | D        | Killed a harpy
   497 | D        | Reached XP level 9. HP: 64/64 MP: 9/9
   498 | D        | Killed a wizard
   498 | D        | Received a gift from Trog
   498 | D        | Reached skill level 10 in Axes
   499 | D        | Killed a deep elf mage
   506 | D        | Killed a yaktaur
   506 | D        | Killed a death ooze
   511 | D        | Killed a yaktaur captain
   511 | D        | Reached skill level 10 in Dodging
   511 | D        | Reached XP level 10. HP: 24/73 MP: 10/10
   529 | D        | Killed a death ooze
   530 | D        | Killed an acid blob
   557 | D        | Killed an azure jelly
   559 | D        | Killed an azure jelly
   569 | D        | Killed an azure jelly
   578 | D        | Killed an acid blob
   584 | D        | Killed a death ooze
   632 | D        | Killed an acid blob
   687 | D        | Killed an azure jelly
   709 | D        | Killed a death ooze
   723 | D        | Killed a death ooze
   733 | D        | Killed a death ooze
   763 | D        | Got the +8 plate armour "Ovuit" {Str+2 Int+3 Stlth+}
   765 | D        | Entered arena 9.
   765 | D        | Noticed a hell hog
   766 | D        | Found a transporter.
   769 | D        | Received a gift from Trog
   773 | D        | Killed a hell hog
   792 | D        | Killed an azure jelly
   793 | D        | Killed an azure jelly
   802 | D        | Killed an azure jelly
   818 | D        | Killed an azure jelly
   822 | D        | Got the +8 executioner's axe of Vicrousa {chop, Int+6 SInv
                  | Stlth-}
   838 | D        | Killed a death ooze
   873 | D        | Killed an acid blob
   895 | D        | Entered arena 10.
   895 | D        | Noticed a shining eye
   895 | D        | Gained mutation: Your magical capacity is low. (-10% MP) [a
                  | shining eye]
   896 | D        | Noticed a fire crab
   896 | D        | a wind drake changed into a fire crab
   897 | D        | Found a transporter.
   897 | D        | Noticed an eye of devastation
   898 | D        | Noticed a swamp dragon
   898 | D        | an eye of devastation changed into a swamp dragon
   900 | D        | Reached ****** piety under Trog
   900 | D        | a fire crab changed into a spriggan
   900 | D        | Noticed a salamander
   900 | D        | a spriggan changed into a salamander
   901 | D        | Gained mutation: Your magical capacity is very low. (-20%
                  | MP) [a shining eye]
   902 | D        | Gained mutation: Scrolls take you a little longer to read.
                  | [a shining eye]
   903 | D        | Killed a shining eye
   903 | D        | Received a gift from Trog
   904 | D        | Noticed a lindwurm
   904 | D        | a swamp dragon changed into a lindwurm
   904 | D        | a salamander changed into a shapeshifter
   905 | D        | Gained mutation: You are robust. (+10% HP) [a neqoxec]
   905 | D        | Gained mutation: Your magical capacity is extremely low.
                  | (-30% MP) [a neqoxec]
   906 | D        | Gained mutation: You tend to lose your temper in combat. [a
                  | neqoxec]
   907 | D        | Noticed a satyr
   907 | D        | a lindwurm changed into a satyr
   910 | D        | Killed a satyr
   910 | D        | Reached XP level 11. HP: 64/88 MP: 7/7
   912 | D        | Received a gift from Trog
   967 | D        | Killed a death ooze
   982 | D        | Killed a death ooze
   984 | D        | Killed a death ooze
   992 | D        | Killed an azure jelly
  1000 | D        | Killed a death ooze
  1016 | D        | Killed a death ooze
  1025 | D        | Killed a death ooze
  1029 | D        | Killed a death ooze
  1060 | D        | Killed an acid blob
  1068 | D        | Killed an azure jelly
  1076 | D        | Killed an azure jelly
  1090 | D        | Entered arena 11.
  1091 | D        | Found a transporter.
  1096 | D        | Received a gift from Trog
  1105 | D        | Got the amulet "Buwir" {RegenMP Int-5 Dex+6}
  1116 | D        | Entered arena 12.
  1118 | D        | Found the +10 zealot's sword {holy, *Rage rN+ EV+3}
  1124 | D        | Received a gift from Trog
  1134 | D        | Found a transporter.
  1140 | D        | Killed an azure jelly
  1168 | D        | Killed an acid blob
  1190 | D        | Entered arena 13.
  1190 | D        | Noticed a deep elf master archer
  1190 | D        | Noticed a deep elf mage
  1190 | D        | Noticed a deep elf sorcerer
  1190 | D        | Noticed a deep elf archer
  1190 | D        | Noticed a +0 flail of protection
  1190 | D        | Noticed a deep elf sorcerer
  1190 | D        | Noticed a deep elf annihilator
  1191 | D        | Identified the ring of Tibyann {rElec MR+ Str+5 Dex+2}
  1191 | D        | Noticed a deep elf master archer
  1191 | D        | Noticed a deep elf knight
  1191 | D        | Noticed a deep elf blademaster
  1195 | D        | Killed a +0 flail of protection
  1195 | D        | Reached skill level 15 in Fighting
  1195 | D        | Killed a death ooze
  1196 | D        | Killed a deep elf mage
  1196 | D        | Received a gift from Trog
  1199 | D        | Killed a deep elf sorcerer
  1199 | D        | Reached skill level 15 in Armour
  1200 | D        | Killed a deep elf knight
  1202 | D        | Killed a deep elf annihilator
  1203 | D        | Killed a deep elf master archer
  1203 | D        | Reached XP level 12. HP: 44/96 MP: 8/8
  1204 | D        | Killed a deep elf blademaster
  1204 | D        | Killed a deep elf master archer
  1204 | D        | Received a gift from Trog
  1206 | D        | Killed a deep elf sorcerer
  1207 | D        | Found a transporter.
  1216 | D        | Killed an azure jelly
  1219 | D        | Killed a death ooze
  1225 | D        | Killed a death ooze
  1260 | D        | Killed a death ooze
  1265 | D        | Killed a death ooze
  1301 | D        | Killed an acid blob
  1325 | D        | Killed an azure jelly
  1341 | D        | Killed an azure jelly
  1365 | D        | Killed a death ooze
  1397 | D        | Killed a death ooze
  1409 | D        | Killed a death ooze
  1421 | D        | Killed an acid blob
  1455 | D        | Killed a death ooze
  1456 | D        | Killed a death ooze
  1465 | D        | Entered arena 14.
  1467 | D        | Found the +5 pair of quick blades "Gyre" and "Gimble"
                  | {pierce, Dex-3}
  1467 | D        | Noticed an entropy weaver
  1468 | D        | Found a transporter.
  1471 | D        | Received a gift from Trog
  1471 | D        | Killed an azure jelly
  1474 | D        | Reached skill level 15 in Axes
  1479 | D        | Killed an entropy weaver
  1479 | D        | Received a gift from Trog
  1479 | D        | Reached XP level 13. HP: 106/106 MP: 9/9
  1482 | D        | Got a steaming battleaxe {god gift}
  1529 | D        | Got the ring of Silosout {rN+ MR+ Str+2}
  1535 | D        | Killed Polyphemus
  1536 | D        | Identified the +5 battleaxe of Husageno {freeze, rC+ MR-
                  | Int+4 Dex+6} (Trog gifted it to you in the Dungeon)
  1557 | D        | Killed an acid blob
  1568 | D        | Killed an azure jelly
  1572 | D        | Killed a death ooze
  1578 | D        | Entered arena 15.
  1579 | D        | Noticed an acid blob
  1579 | D        | Noticed a great orb of eyes
  1579 | D        | Noticed a death ooze
  1582 | D        | Found a transporter.
  1585 | D        | Killed a death ooze
  1590 | D        | Killed an acid blob
  1591 | D        | Killed a great orb of eyes
  1591 | D        | Received a gift from Trog
  1595 | D        | Received a gift from Trog
  1613 | D        | Killed an azure jelly
  1629 | D        | Killed an azure jelly
  1639 | D        | Got the ring "Haafref" {Fire *Slow Str+8 Int+3}
  1644 | D        | Got the +7 crystal plate armour of the Eight Tables {rN+
                  | Regen+}
  1649 | D        | Killed an acid blob
  1677 | D        | Killed an azure jelly
  1687 | D        | Killed an acid blob
  1768 | D        | Killed a death ooze
  1803 | D        | Killed an acid blob
  1831 | D        | Killed a death ooze
  1854 | D        | Killed an azure jelly
  1870 | D        | Gained mutation: Your large and strong wings let you fly
                  | indefinitely. [Gargoyle growth]
  1870 | D        | Reached XP level 14. HP: 114/114 MP: 9/9
  1887 | D        | Identified a +2 pair of boots of running (You found it in
                  | the Dungeon)
  1892 | D        | Killed an azure jelly
  1895 | D        | Entered arena 16.
  1897 | D        | Found the +1 cloak of Starlight {rElec rC+ EV+4 Stlth--}
  1897 | D        | Found the brooch of Shielding {Reflect SH+8}
  1900 | D        | Received a gift from Trog
  1901 | D        | Found a transporter.
  1911 | D        | Killed an azure jelly
  1918 | D        | Got the amulet "Zayjyq" {Harm *Drain rF+}
  1937 | D        | Got the +0 pair of gloves of Relativism {Dex+4 Slay-5 SInv}
  1944 | D        | Entered arena 17.
  1959 | D        | Killed an acid blob
  1966 | D        | Killed an acid blob
  1969 | D        | Noticed an acid blob
  1969 | D        | Noticed an acid blob
  1969 | D        | Noticed an acid blob
  1969 | D        | Noticed an azure jelly
  1969 | D        | Noticed an azure jelly
  1974 | D        | Gained mutation: You occasionally shout uncontrollably at
                  | your foes. [a shining eye]
  1984 | D        | Slain by an acid blob

Skill      XL: |  1  2  3  4  5  6  7  8  9 10 11 12 13 |
---------------+----------------------------------------+-----
Fighting       | 4 6 7 8 10 11 13 14 16 17 18 | 18.6
Axes           | 3 5 6 7 8 9 11 12 13 15 16 | 16.1
Armour         | 3 5 7 8 9 11 12 14 16 17 18 | 18.3
Dodging        | 2 4 5 6 7 8 10 11 12 14 | 14.7

Action                   |  1- 3 |  4- 6 |  7- 9 | 10-12 | 13-15 || total
-------------------------+-------+-------+-------+-------+-------++-------
Melee: Executioner's axe |     4 |     8 |    20 |    62 |    24 ||   118
       Battleaxe         |       |       |    14 |     9 |       ||    23
Invok: Berserk           |     2 |     1 |     1 |     4 |     1 ||     9
  Use: Potion            |       |       |       |       |     4 ||     4
  Eat: Chunk             |       |       |     2 |     3 |     1 ||     6
       Ration            |       |       |       |     1 |     1 ||     2
Armor: Gold dragon scale |     2 |    15 |    47 |   171 |    39 ||   274
Dodge: Dodged            |     1 |     9 |    21 |   109 |    50 ||   190
